 Dungeon Crawl Stone Soup version 0.30.0-29-ga12c61a403 (webtiles) character file.

Game seed: 15843713046343084578

812 seaoflcl the Chopper (level 7, -3/55 HPs)
             Began as a Demonspawn Fighter on June 16, 2023.
             Killed by nerve-wracking pain
             ... invoked by an orc priest
              (10 damage)
             ... on level 5 of the Dungeon.
             The game lasted 00:07:02 (4584 turns).

seaoflcl the Chopper (Demonspawn Fighter)           Turns: 4584, Time: 00:07:03

Health: -3/55      AC: 13    Str: 18    XL:     7   Next: 61%
Magic:  7/7        EV:  5    Int: 10    God:
Gold:   469        SH:  5    Dex: 12    Spells: 6/6 levels left

rFire   . . .        a - +0 war axe
rCold   . . .        c - +0 buckler
rNeg    . . .        w - +0 plate armour
rPois   +            (helmet restricted)
rElec   .            (no cloak)
rCorr   .            (no gloves)
SInv    +            (no boots)
Will    .....        (no amulet) Stlth
                     k - ring of see invisible
HPRegen 1.29/turn    v - ring of poison resistance
MPRegen 0.20/turn

%: no passive effects
@: no status effects
A: antennae 1, icy blue scales 1, powered by death 1, magic regeneration
a: no special abilities


You were on level 5 of the Dungeon.
You visited 1 branch of the dungeon, and saw 5 of its levels.
You also visited: Ossuary.

You collected 469 gold pieces.

Inventory:

Hand Weapons
 a - a +0 war axe (weapon)
Armour
 c - a +0 buckler (worn)
 w - a +0 plate armour (worn)
Jewellery
 b - a ring of fire
 k - a ring of see invisible (left hand)
 v - a ring of poison resistance (right hand)
Wands
 d - a wand of polymorph (8)
Scrolls
 f - 2 scrolls of blinking {unknown}
 g - 5 scrolls of identify {unknown}
 h - a scroll of enchant weapon {unknown}
 i - a scroll of enchant armour {unknown}
 j - 5 scrolls of teleportation
 n - a scroll of fear {unknown}
 o - a scroll of silence {unknown}
 q - a scroll of vulnerability {unknown}
 t - 3 scrolls of magic mapping
 u - a scroll of acquirement {unknown}
 y - a scroll of brand weapon {unknown}
 D - a scroll of immolation {unknown}
Potions
 e - 2 potions of invisibility {unknown}
 l - 2 potions of cancellation {unknown}
 m - a potion of magic {unknown}
 p - 2 potions of degeneration {unknown}
 r - 4 potions of curing {unknown}
 s - 2 potions of attraction {unknown}
 x - a potion of brilliance {unknown}
 z - a potion of heal wounds {unknown}
 A - a potion of flight {unknown}
 B - a potion of haste {unknown}
 C - 2 potions of berserk rage {unknown}
 E - a potion of might


   Skills:
 + Level 4.9 Fighting
 * Level 5.2 Axes
 + Level 4.3 Armour
 + Level 4.3 Shields


You had 6 spell levels left.
You didn't know any spells.
Your spell library contained the following spells:

 Spells                   Type           Power      Damage    Failure   Level
 Apportation              Tloc           0%         N/A       100%        1
 Sublimation of Blood     Necr           0%         N/A       100%        2
 Wereblood                Tmut           0%         N/A       100%        2
 Ignite Poison            Fire/Tmut/Pois 0%         N/A       100%        3
 Sticky Flame             Conj/Fire      0%         2d3       100%        4
 Alistair's Intoxication  Tmut/Pois      0%         N/A       100%        5
 Summon Hydra             Summ           0%         N/A       100%        7
 Ignition                 Fire           0%         3d3       100%        8


Dungeon Overview and Level Annotations

Branches:
Dungeon (5/15)            Ossuary (visited)
 Temple: D:4-7

Altars:
Ashenzari
Dithmenos
Qazlal
Uskayaw


Innate Abilities, Weirdness & Mutations

You have a pair of small antennae on your head.
You are partially covered in icy blue scales. (AC +2)
You regenerate a little health from kills.
You regenerate magic rapidly.


Message History

You are electrocuted!
You closely miss the orc wizard.
The orc wizard is almost dead.
You hit the orc priest but do no damage.
You hit the orc but do no damage.
The orc wizard gestures at you while chanting.
You resist with some effort.
The orc priest calls down the wrath of Beogh upon you.
Beogh smites you! The orc hits you but does no damage.
You hit the orc wizard.
You kill the orc wizard!
You barely miss the orc priest. You completely miss the orc.
The orc priest barely misses you.
You barely miss the orc.
You hit the orc priest but do no damage.
The orc priest hits you with a +0 flail.
The orc hits you but does no damage.
You hit the orc priest but do no damage.
You hit the orc but do no damage. The orc hits you but does no damage.
You block the orc's attack. The orc barely misses you.
The orc priest hits you but does no damage.
There is an open door here.
You hit the orc priest but do no damage.
You barely miss the orc. You hit the orc. You block the orc's attack.
The orc barely misses you.
The orc priest hits you with a +0 flail.
The orc hits you with a +0 club.
* * * LOW HITPOINT WARNING * * *
The orc priest mumbles some strange prayers to Beogh against you.
Beogh smites you!
* * * LOW HITPOINT WARNING * * *
The orc hits you but does no damage.
You slash the orc priest!
The orc priest is almost dead.
You barely miss the orc. You slash the orc!
You kill the orc!
The orc hits you but does no damage.
The orc priest calls down the wrath of Beogh upon you.
Pain shoots through your body!
You die...

+####..####### ####
..###..###...##...# ...
..............#..<# ...
..............#... ....
..............#.. .....
.########....##.###.....
.###..<########.#......#
.......#.......o#......#
.......#........@).....#
.......#.......o#......#
.......#........#......#
###...###..##...#......#
..#...###..####+###+####
..#...#...........
..#...#...........
..'...#...........
..##+#####.#######


You could see an orc priest and an orc.

Vanquished Creatures
  Sigmund (D:3)
  A centaur (D:4)
  A phantom (D:4)
  A jelly (D:5)
  Ijyb (D:3)
  2 iguanas
  An orc wizard (D:5)
  8 mummies (Ossuary)
  12 gnolls
  4 adders
  A white imp (D:5)
  2 dart slugs (D:1)
  6 orcs
  6 bats
  11 endoplasms
  2 giant cockroaches
  2 gnoll zombies (Ossuary)
  3 goblins
  5 hobgoblins
  2 jackals (D:2)
  8 kobolds
  4 quokkas
  6 ball pythons
  3 frilled lizards
  2 hobgoblin zombies (Ossuary)
  A kobold zombie (Ossuary)
  3 orc zombies (Ossuary)
  6 rats
105 creatures vanquished.

Notes
Turn   | Place    | Note
-------+----------+-------------------------------------------
     0 | D:1      | seaoflcl the Demonspawn Fighter began the quest for the
                  | Orb.
     0 | D:1      | Reached XP level 1. HP: 18/18 MP: 1/1
   101 | D:1      | Reached skill level 2 in Axes
   134 | D:1      | Gained mutation: You are partially covered in icy blue
                  | scales. (AC +2) [demonic ancestry]
   134 | D:1      | Reached XP level 2. HP: 24/24 MP: 2/2
   768 | D:2      | Gained mutation: You regenerate magic rapidly. [demonic
                  | ancestry]
   768 | D:2      | Reached XP level 3. HP: 27/29 MP: 3/3
   864 | D:2      | Found a broken altar of Ashenzari.
  1263 | D:2      | Gained mutation: You have a pair of small antennae on your
                  | head. [demonic ancestry]
  1263 | D:2      | Reached XP level 4. HP: 22/35 MP: 4/4
  1816 | D:3      | Noticed Sigmund
  1836 | D:3      | Killed Sigmund
  1837 | D:3      | Reached skill level 3 in Axes
  1837 | D:3      | Reached XP level 5. HP: 31/42 MP: 5/5
  1964 | D:3      | Gained mutation: You regenerate a little health from kills.
                  | [demonic ancestry]
  1964 | D:3      | Reached XP level 6. HP: 3/48 MP: 6/6
  1964 | D:3      | HP: 1/48 [gnoll/+0 spear (3)]
  2516 | D:3      | Reached skill level 4 in Axes
  2575 | D:3      | Noticed Ijyb
  2591 | D:3      | Killed Ijyb
  2789 | D:3      | Noticed a +0 short sword
  2789 | D:3      | Noticed a +0 dagger
  2789 | D:3      | Noticed a +0 spear
  2789 | D:3      | Noticed a +0 falchion
  2789 | D:3      | Noticed a +0 short sword
  2790 | D:3      | Noticed a +0 spear
  2790 | D:3      | Noticed a +0 dagger
  2790 | D:3      | Noticed a +0 falchion
  2801 | D:3      | Found a hide-covered altar of Uskayaw.
  3453 | D:4      | Found a stormy altar of Qazlal.
  3477 | D:4      | Found a shadowy altar of Dithmenos.
  3531 | D:4      | Reached XP level 7. HP: 53/55 MP: 7/7
  3563 | D:4      | Found a sand-covered staircase.
  3568 | Ossuary  | Entered an ossuary
  4153 | D:4      | Reached skill level 5 in Axes
  4388 | D:5      | Entered Level 5 of the Dungeon
  4584 | D:5      | Killed from afar by an orc priest

Illustrated notes

Levels and vault maps discovered:
D:1:      dpeg_arrival_round_a, layout_basic
D:2:      layout_basic, basic_altar, amcnicky_mini_corridor_feature, hex_medium
D:3:      layout_basic, nicolae_uskayaw_en_pointe, uniq_ijyb, uniq_sigmund
D:4:      layout_rooms, overflow_temple_1_default,
          mainiacjoe_overflow_tiny_flanked, mainiacjoe_overflow_boulevard,
          marbit_many_paths, nicolae_ossuary_entry_plus
D:5:      layout_gridville, overflow_temple_1_default

Skill      XL: |  1  2  3  4  5  6  7 |
---------------+----------------------+-----
Axes           | 2 3 4 5 |  5.2
Armour         | 3 4 |  4.3
Shields        | 3 4 |  4.3
Fighting       | 4 |  4.9

Action                     |  1- 3 |  4- 6 |  7- 9 || total
---------------------------+-------+-------+-------++-------
  Melee: War axe           |    90 |   165 |    72 ||   327
    Use: Potion            |       |     1 |       ||     1
         Scroll            |       |       |     2 ||     2
 Armour: Scale mail        |    42 |       |       ||    42
         Chain mail        |    12 |   105 |       ||   117
         Skin              |       |     6 |       ||     6
         Plate armour      |       |       |    40 ||    40
  Dodge: Dodged            |    44 |    78 |    14 ||   136
  Block: Buckler           |    16 |    34 |    10 ||    60
